 Dungeon Crawl Stone Soup version 0.30.1-9-gdf580d7c3d (webtiles) character file.

Game seed: 11942235310869021598

10325 Oroden the Transmogrifier (level 11, -12/142 HPs)
             Began as an Ogre Transmuter on Oct 22, 2023.
             Was a Priest of Wu Jian.
             Mangled by a two-headed ogre
             ... wielding a +0 giant spiked club
              (17 damage)
             ... on level 9 of the Dungeon on Oct 25, 2023.
             The game lasted 00:23:54 (12492 turns).

Oroden the Transmogrifier (Ogre Transmuter)        Turns: 12492, Time: 00:23:56

Health: -12/142    AC: 12    Str: 16    XL:     11   Next: 60%
Magic:  3/25       EV:  9    Int: 18    God:    Wu Jian [***...]
Gold:   663        SH:  0    Dex:  9    Spells: 5/30 levels left

rFire   x .          .
                       - Unarmed
rCold   + + +        (shield currently unavailable)
rNeg    . . .        a - melded +0 robe
rPois   +            (helmet currently unavailable)
rElec   .            (cloak currently unavailable)
rCorr   .            (gloves unavailable)
SInv    .            (boots unavailable)
Will    ++...        F - amulet of magic regeneration
Stlth   +            x - +4 ring of protection
HPRegen 0.43/turn    B - ring of willpower
MPRegen 0.59/turn

%: no passive effects
@: ice-form, contaminated, glowing, unable to read
A: freezing attack, amphibious, boosted hp, large, unfitting armour, (tough skin
1), deterioration 1, (shaggy fur 1), inability to read after injury 1
a: End Transformation, Renounce Religion, Wall Jump, Serpent's Lash


You were on level 9 of the Dungeon.
You worshipped Wu Jian.
Wu Jian was most pleased with you.
You were a creature of crystalline ice.
You visited 2 branches of the dungeon, and saw 10 of its levels.
You also visited: Ossuary and Bailey.

You collected 663 gold pieces.

Inventory:

Missiles
 J - 2 throwing nets
Armour
 a - a +0 robe (melded)
Jewellery
 s - a ring of protection from cold
 w - a ring of flight
 x - a +4 ring of protection (left front paw)
 B - a ring of willpower (right front paw)
 F - an amulet of magic regeneration (around neck)
Wands
 o - a wand of mindburst (8)
 A - a wand of flame (8)
 K - a wand of charming (4)
Scrolls
 b - 6 scrolls of immolation
 f - 3 scrolls of fear
 i - 6 scrolls of teleportation
 k - 3 scrolls of magic mapping
 l - 3 scrolls of enchant armour
 n - 3 scrolls of fog
 p - 3 scrolls of blinking {unknown}
 q - 5 scrolls of vulnerability
 r - 2 scrolls of butterflies {unknown}
 u - 3 scrolls of poison {unknown}
 y - 8 scrolls of enchant weapon
 z - 4 scrolls of identify
 D - a scroll of noise {unknown}
 H - a scroll of torment {unknown}
Potions
 c - a potion of heal wounds
 d - 2 potions of haste
 e - 2 potions of degeneration {unknown}
 g - 5 potions of curing
 h - a potion of cancellation {unknown}
 j - 3 potions of attraction {unknown}
 m - 2 potions of might {unknown}
 t - 2 potions of magic {unknown}
 v - 2 potions of invisibility {unknown}
 C - 2 potions of flight {unknown}
 E - 2 potions of brilliance {unknown}
 G - a potion of mutation {unknown}
 L - a potion of resistance {unknown}
Miscellaneous
 I - a phantom mirror (quivered)


   Skills:
 + Level 10.8 Fighting
 - Level 1.7 Dodging
 - Level 2.6 Unarmed Combat
 - Level 10.0 Spellcasting
 - Level 3.0 Conjurations
 + Level 11.4 Transmutations
 - Level 2.0 Ice Magic
 - Level 2.8 Poison Magic


You had 5 spell levels left.
You knew the following spells:

 Your Spells              Type           Power      Damage    Failure   Level
a - Beastly Appendage     Tmut           100%       N/A       1%          1
b - Spider Form           Tmut/Pois      34%        N/A       1%          3
c - Ice Form              Ice/Tmut       33%        N/A       4%          4
d - Irradiate             Conj/Tmut      17%        3d17      12%         5
e - Blade Hands           Tmut           25%        N/A       1%          5
f - Dragon Form           Tmut           25%        N/A       52%         7

Your spell library contained the following spells:

 Spells                   Type           Power      Damage    Failure   Level
 Wereblood                Tmut           50%        N/A       1%          2
 Ignite Poison            Fire/Tmut/Pois 26%        N/A       3%          3
 Summon Small Mammal      Summ           36%        N/A       8%          1
 Call Canine Familiar     Summ           9%         N/A       24%         3
 Summon Guardian Golem    Hex/Summ       9%         N/A       24%         3
 Sticky Flame             Conj/Fire      14%        2d4       38%         4
 Orb of Destruction       Conj           9%         9d6       100%        7
 Spellforged Servitor     Conj/Summ      7%         N/A       100%        7
 Ignition                 Fire           4%         3d4       100%        8


Dungeon Overview and Level Annotations

Branches:
Dungeon (9/15)             Temple (1/1) D:6         Ossuary (visited)
 Bailey (visited)
   Lair: D:8-11         Orc: D:9-12

Altars:
Ashenzari
Cheibriados
Dithmenos
Elyvilon
Fedhas
Gozag
Hepliaklqana
Kikubaaqudgha
Makhleb
Nemelex Xobeh
Qazlal
Ru
Sif Muna
Trog
Uskayaw
Vehumet
Wu Jian
Xom
Yredelemnul
Zin
The Shining One

Shops:
D:7 =


Innate Abilities, Weirdness & Mutations

You are a creature of crystalline ice.
You have a powerful freezing melee attack.
You are amphibious.
Your maximum health is increased.
Your armour is entirely melded.
You are incapable of wielding weapons or throwing items.
You are too large for most types of armour.
((You have tough skin. (AC +1)))
Your body sometimes deteriorates upon taking damage.
((You are covered in fur. (AC +1)))
You occasionally lose the ability to read scrolls when taking damage.


Message History

The two-headed ogre closely misses you.
Casting: Irradiate (dangerous; 12% risk of failure)
Confirm with . or Enter, or press ? or * to list all spells.
You erupt in a fountain of uncontrolled magic!
The two-headed ogre is blasted with magical radiation!
The two-headed ogre is severely wounded.
The two-headed ogre twists and deforms.
You are heavily infused with residual magic.
The two-headed ogre hits you with a +0 giant spiked club!!
The two-headed ogre hits you with a +0 giant spiked club!
Your body shudders with the violent release of wild energies!
You occasionally lose the ability to read scrolls when taking damage.
You feel less contaminated with magical energies.
Casting: Irradiate (dangerous; 12% risk of failure)
Confirm with . or Enter, or press ? or * to list all spells.
You don't have enough magic to cast this spell.
Unknown command.
Casting: Irradiate (dangerous; 12% risk of failure)
Confirm with . or Enter, or press ? or * to list all spells.
You turn into a creature of crystalline ice.
Your +0 robe melds into your body.
You hit the two-headed ogre. You freeze the two-headed ogre.
The two-headed ogre is severely wounded.
The two-headed ogre hits you but does no damage.
The two-headed ogre closely misses you.
You punch the two-headed ogre! You freeze the two-headed ogre.
The two-headed ogre is almost dead.
The two-headed ogre hits you with a +0 giant spiked club!
* * * LOW HITPOINT WARNING * * *
The two-headed ogre hits you with a +0 giant spiked club!
* * * LOW HITPOINT WARNING * * *
You barely miss the two-headed ogre.
The two-headed ogre is almost dead.
You hit the two-headed ogre but do no damage.
The two-headed ogre is almost dead.
The two-headed ogre hits you with a +0 giant spiked club!!
You feel threatened and lose the ability to read scrolls!
* * * LOW HITPOINT WARNING * * *
The two-headed ogre hits you with a +0 giant spiked club!
You die...

.##.#......###..###########...#.#
...........##.........##.........
.##.....##.##...#####.##.##...#.#
>.............................#.#
.......)...........##.##.##......
.#..#..)#..##.#..####.##.##...#.#
.#..#...#..##.#..# #.##.##......
##......#..##.#..####............
##..#..........OY................
......................######..#..
##.).....................# #..#.#
##..##......###.#.##########..#.#
#..........<..#.#.# #........#>#
#......)...†###.#.# #.#####..#..
........#...# #.#.# #.# #..#.#
#...#...#...###.#.####.#####..#.#
#...#...#..O...........##........


You could see a two-headed ogre (misshapen).

Vanquished Creatures
  2 vault guards (Bailey)
  An ugly thing (D:9)
  A cyclops (D:9)
  A troll (D:9)
  Prince Ribbit (Bailey)
  A shadow (D:9)
  8 humans (Bailey)
  13 yaks (D:8)
  Edmund (D:5)
  An acid dragon (D:9)
  A vampire mosquito (D:9)
  5 water moccasins
  4 orc warriors
  A sky beast (D:6)
  2 black bears (D:5)
  2 ice beasts
  2 ogres
  3 centaurs
  2 phantoms (D:5)
  2 elf zombies (Ossuary)
  2 kobold brigands
  2 scorpions
  14 bullfrogs
  3 wights (D:9)
  5 killer bees (D:8)
  2 electric eels (D:8)
  2 howler monkeys
  A centaur zombie (Ossuary)
  A human zombie (Ossuary)
  3 hounds
  3 orc priests
  A jelly (D:7)
  A gnoll bouda (D:7)
  3 sleepcaps
  Ijyb (D:5)
  Terence (D:3)
  2 iguanas
  2 orc wizards
  2 mummies (Ossuary)
  Robin (D:2)
  6 gnolls
  8 adders
  An adder zombie (Ossuary)
  3 dart slugs
  30 orcs
  6 endoplasms
  3 giant cockroaches
  7 hobgoblins
  4 jackals (D:3)
  3 quokkas
  11 ball pythons
  5 bats
  A frilled lizard (D:1)
  12 goblins
  A goblin zombie (Ossuary)
  7 hobgoblin zombies (Ossuary)
  3 jackal zombies (Ossuary)
  11 kobolds
  12 kobold zombies (Ossuary)
  7 orc zombies (Ossuary)
  2 rats (D:1)
  2 rat zombies (Ossuary)
251 creatures vanquished.

Notes
Turn   | Place    | Note
-------+----------+-------------------------------------------
     0 | D:1      | Oroden the Ogre Transmuter began the quest for the Orb.
     0 | D:1      | Reached XP level 1. HP: 19/19 MP: 3/3
   253 | D:1      | Reached XP level 2. HP: 21/27 MP: 5/5
   313 | D:1      | Reached skill level 2 in Transmutations
   328 | D:1      | Reached skill level 1 in Poison Magic
   469 | D:1      | Reached XP level 3. HP: 21/33 MP: 4/7
  1037 | D:2      | Noticed Robin
  1072 | D:2      | Killed Robin
  1198 | D:2      | Reached XP level 4. HP: 37/42 MP: 6/9
  1515 | D:3      | Noticed Terence
  1633 | D:2      | Learned a level 3 spell: Spider Form
  1676 | D:3      | Killed Terence
  1852 | D:3      | Reached skill level 3 in Transmutations
  1852 | D:3      | Reached XP level 5. HP: 11/49 MP: 7/11
  2960 | D:4      | Reached XP level 6. HP: 56/59 MP: 9/12
  3490 | D:4      | Reached skill level 5 in Spellcasting
  3947 | D:5      | Entered Level 5 of the Dungeon
  3947 | D:5      | Noticed Edmund
  3958 | D:5      | Killed Edmund
  3959 | D:5      | Reached skill level 4 in Transmutations
  3959 | D:5      | Reached XP level 7. HP: 53/67 MP: 10/15
  4338 | D:5      | Reached XP level 8. HP: 72/78 MP: 17/17
  4353 | D:5      | Reached skill level 5 in Transmutations
  4703 | D:5      | Noticed Ijyb
  4718 | D:5      | Killed Ijyb
  4924 | D:5      | Found a shadowy altar of Dithmenos.
  5348 | D:6      | Found a staircase to the Ecumenical Temple.
  5378 | Temple   | Entered the Ecumenical Temple
  5389 | Temple   | Became a worshipper of the Wu Jian Council
  5447 | D:6      | Reached skill level 5 in Fighting
  5447 | D:6      | Reached skill level 6 in Transmutations
  5653 | D:6      | Reached XP level 9. HP: 57/88 MP: 19/21
  5963 | D:6      | Found a sand-covered staircase.
  5971 | Ossuary  | Entered an ossuary
  6139 | Ossuary  | Reached * piety under Wu Jian
  6357 | Ossuary  | Reached skill level 7 in Transmutations
  6765 | D:6      | Reached ** piety under Wu Jian
  6766 | D:6      | Reached skill level 1 in Conjurations
  7333 | D:7      | Found Bazauwn's Jewellery Emporium.
  7857 | D:6      | Learned a level 4 spell: Ice Form
  8149 | D:7      | Found an opulent altar of Gozag.
  8504 | D:8      | Found a flagged portal.
  8511 | D:8      | Reached skill level 8 in Transmutations
  8511 | D:8      | Reached skill level 1 in Ice Magic
  8533 | Bailey   | Entered a bailey
  8663 | Bailey   | Noticed Prince Ribbit
  8664 | Bailey   | Reached XP level 10. HP: 104/104 MP: 19/22
  8697 | Bailey   | Killed Prince Ribbit
  8708 | Bailey   | Reached skill level 9 in Transmutations
  8732 | Bailey   | Learned a level 5 spell: Irradiate
  9134 | Bailey   | Noticed a vault guard
  9147 | Bailey   | Killed a vault guard
  9201 | Bailey   | Reached skill level 10 in Transmutations
  9274 | Bailey   | Noticed a vault guard
  9281 | Bailey   | Killed a vault guard
  9292 | Bailey   | Gained mutation: Your body sometimes deteriorates upon
                  | taking damage. [mutagenic glow]
  9552 | D:8      | Reached XP level 11. HP: 115/115 MP: 24/24
  9896 | D:8      | Reached skill level 10 in Fighting
  9901 | D:8      | Reached *** piety under Wu Jian
 10397 | D:8      | Found a sacrificial altar of Ru.
 10718 | D:8      | Found a glowing silver altar of Zin.
 10721 | D:8      | Found a sparkling altar of Nemelex Xobeh.
 10876 | D:9      | Found a shimmering blue altar of Sif Muna.
 10885 | D:9      | Learned a level 5 spell: Blade Hands
 10930 | D:9      | Reached skill level 11 in Transmutations
 11724 | D:9      | Noticed a boulder beetle
 11724 | D:9      | Noticed a green ugly thing
 11917 | D:9      | Killed a green ugly thing
 11918 | D:9      | Reached skill level 10 in Spellcasting
 11926 | D:9      | Learned a level 7 spell: Dragon Form
 12043 | D:9      | Noticed a two-headed ogre
 12109 | D:8      | Gained mutation: You are covered in fur. (AC +1) [mutagenic
                  | glow]
 12253 | D:9      | Noticed a cyclops
 12263 | D:9      | Killed a cyclops
 12461 | D:9      | Noticed a five-headed hydra
 12461 | D:9      | Noticed a deep elf pyromancer
 12487 | D:9      | Gained mutation: You occasionally lose the ability to read
                  | scrolls when taking damage. [mutagenic glow]
 12492 | D:9      | HP: 5/142 [two-headed ogre/+0 giant spiked club (20)]
 12492 | D:9      | Mangled by a two-headed ogre

Illustrated notes

Levels and vault maps discovered:
D:1:      minmay_arrival_semitransparent, layout_loops_ring
D:2:      layout_rooms, uniq_robin
D:3:      layout_loops_ring, minmay_bisected, uniq_terence
D:4:      layout_loops_corners
D:5:      minmay_recursive_quarters, layout_loops_ring, grunt_dithmenos_shadows,
          minmay_strange_pillars, uniq_ijyb, uniq_edmund
D:6:      layout_basic, minmay_temple_entry_trees, nicolae_ossuary_entry_ruins,
          chequers_serial_rivers_micro_e, nrook_loot_triangle
D:7:      layout_rooms, nicolae_gozag_cash_rules_everything_around_me,
          serial_shops, nicolae_shop_statue_plus
D:8:      layout_basic, nicolae_overflow_squiral, general_overflow_altar,
          enter_bailey_2, kennysheep_generic_room_12
D:9:      minmay_sliced_demisemicircle, layout_basic,
          nicolae_overflow_crystal_walls
Temple:   minmay_freezing_vapour_temple

Skill      XL: |  1  2  3  4  5  6  7  8  9 10 11 |
---------------+----------------------------------+-----
Transmutations | 2 3 4 6 8 10 11 | 11.4
Poison Magic   | 1 2 |  2.8
Spellcasting   | 3 4 5 6 8 9 10 | 10.0
Fighting       | 2 3 5 7 9 10 | 10.8
Conjurations   | 3 |  3.0
Ice Magic      | 2 |  2.0
Dodging        | |  1.7
Unarmed Combat | |  2.6

Action                     |  1- 3 |  4- 6 |  7- 9 | 10-12 || total
---------------------------+-------+-------+-------+-------++-------
  Melee: Unarmed           |   104 |   130 |   584 |   313 ||  1131
         Kick              |    17 |     2 |       |       ||    19
         Headbutt          |     7 |     2 |       |       ||     9
         Punch             |     3 |     1 |     2 |     2 ||     8
   Cast: Beastly Appendage |    19 |     5 |     4 |       ||    28
         Spider Form       |       |    19 |    35 |       ||    54
         Ice Form          |       |       |     8 |    19 ||    27
         Irradiate         |       |       |       |     8 ||     8
         Blade Hands       |       |       |       |     4 ||     4
Ability: Lunge             |       |       |    11 |    11 ||    22
         Whirlwind         |       |       |       |     5 ||     5
  Evoke: Wand              |       |     6 |       |     6 ||    12
    Use: Potion            |     1 |       |     2 |     3 ||     6
         Scroll            |       |       |    10 |     2 ||    12
 Armour: Robe              |    46 |    16 |    45 |    20 ||   127
         Skin              |    20 |     7 |   100 |   146 ||   273
  Dodge: Dodged            |    49 |   103 |   420 |   200 ||   772
